 Dungeon Crawl Stone Soup version 0.22-a0-429-g97ce8ef (webtiles) character file.

37 Jynxie the Sneak (level 3, -1/28 HPs)
             Began as a Naga Enchanter on May 25, 2018.
             Slain by an adder (5 damage)
             ... on level 2 of the Dungeon.
             The game lasted 00:08:43 (1847 turns).

Jynxie the Sneak (Naga Enchanter)                   Turns: 1847, Time: 00:08:43

Health: -1/28      AC:  2    Str: 15    XL:     3   Next: 41%
Magic:  0/6        EV: 10    Int: 16    God:
Gold:   67         SH:  0    Dex: 11    Spells: 3/6 levels left

rFire    . . .     SeeInvis +   a - +1 dagger
rCold    . . .     Gourm    .   (no shield)
rNeg     . . .     Faith    .   b - +0 robe
rPois    +         Spirit   .   (no helmet)
rElec    .         Reflect  .   (no cloak)
rCorr    .         Harm     .   (no gloves)
MR       .....                  (no barding)
Stlth    ++........             (no amulet)
HPRegen  0.09/turn              (no ring)
MPRegen  0.10/turn              h - +5 ring of strength

@: lethally poisoned (-1 -> -4), very slow
A: large, see invisible, deformed body, poison resistance, slowness 2, slow
metabolism 1, spit poison 1, AC +1
a: Spit Poison


You were on level 2 of the Dungeon.
You were hungry.

You visited 1 branch of the dungeon, and saw 2 of its levels.

You collected 67 gold pieces.

Inventory:

Hand Weapons
 a - a +1 dagger (weapon)
Armour
 b - a +0 robe (worn)
Jewellery
 h - a +5 ring of strength (right hand)
   (You found it on level 1 of the Dungeon)
Scrolls
 f - 4 scrolls of identify {@r1}
 i - a scroll of remove curse {@r2}
 j - 2 scrolls of amnesia
Potions
 d - a potion of berserk rage
 g - a potion of lignification {unknown}
Comestibles
 c - 3 chunks of flesh
 e - a ration {!d}


   Skills:
 * Level 2.7 Short Blades
 - Level 1.5 Dodging
 - Level 4.4 Stealth
 - Level 2.0 Spellcasting
 + Level 3.4 Hexes


You had 3 spell levels left.
You knew the following spells:

 Your Spells              Type           Power        Failure   Level  Hunger
a - Corona                Hex            ##.....      4%          1    #......
b - Ensorcelled Hibernat  Hex/Ice        #.....       16%         2    ###....

Your spell library contained the following spells:

 Spells                   Type           Power        Failure   Level  Hunger
 Confuse                  Hex            ##......     16%         3    ###....
 Tukima's Dance           Hex            ##......     16%         3    ###....
 Dazzling Spray           Conj/Hex       #.....       30%         3    ###....


Dungeon Overview and Level Annotations

Branches:
Dungeon (2/15)

Altars:
The Shining One


Innate Abilities, Weirdness & Mutations

You cannot wear boots.
Your serpentine skin is tough. (AC +1)
You have supernaturally acute eyesight. (SInv)
Armour fits poorly on your strangely shaped body.
Your system is resistant to poisons. (rPois)
You cover ground very slowly.
You have a slow metabolism.
You can spit poison.


Message History

You start resting.
All of the chunks of flesh in your inventory have rotted away.
You butcher the bat corpse.
c - a chunk of flesh You see here a bat skeleton. x2
You butcher the leopard gecko corpse.
c - 3 chunks of flesh (gained 2)
You now have 67 gold pieces (gained 13).
The adder is too close now for your liking.
You see here 3 gold pieces.
The adder hisses angrily.
The adder bites you but does no damage. The adder barely misses you.
Found 9 gold pieces.
Aim: an adder (chance to defeat MR: 48%)
The adder resists with some effort.
The adder bites you.
Aim: an adder (chance to defeat MR: 48%)
The adder resists with some effort.
The adder completely misses you.
Aim: an adder (chance to defeat MR: 48%)
The adder resists with some effort.
The adder bites you. The adder barely misses you.
You barely miss the adder. The adder barely misses you.
You hit the adder. The adder bites you but does no damage.
You closely miss the adder. The adder closely misses you.
You hit the adder but do no damage. The adder barely misses you.
You closely miss the adder. The adder bites you.
You miss the adder. The adder bites you. The adder barely misses you.
You barely miss the adder. The adder bites you but does no damage.
You see here 3 gold pieces.
The adder barely misses you.
You don't have enough magic to cast that spell.
Aim: an adder (moderately wounded)
You fail to use your ability.
The adder bites you.
You are poisoned.
The adder poisons you! The adder barely misses you.
Aim: an adder (moderately wounded)
The splash of poison hits the adder.
You are feeling hungry.
You feel sick. The adder bites you.
* * * LOW HITPOINT WARNING * * *
You can't do that yet.
You don't have enough magic to cast that spell.
You feel sick. The adder bites you.
* * * LOW HITPOINT WARNING * * *
You have got your breath back.
You feel sick. The adder barely misses you. The adder bites you.
* * * LOW HITPOINT WARNING * * *
Aim: an adder (moderately wounded, chance to defeat MR: 48%)
The adder resists with some effort.
You feel sick. The adder bites you.
You die...

#####..####)#...##..# ..
...........>........# .#
.###......###..###.##<.###
....(.....รท......<........
#####......##....#..###.###
#..........................
..................#....#.#.
..##..................#
..+.(.##...@..........#
###.####S.#..#.)......
#.$.........###..####
#.###.##....+ ...
#.....#.........# ####
#####.#.#.##....#
#.#.#.##....# #.#
#.#....... ... #.#.......


You could see an adder.

Vanquished Creatures
  2 dart slugs
  2 leopard geckos
  3 giant cockroaches
  A goblin (D:2)
  6 hobgoblins
  2 ball pythons
  4 bats (D:2)
  3 frilled lizards
  5 kobolds
  4 rats
32 creatures vanquished.

Notes
Turn   | Place    | Note
-------+----------+-------------------------------------------
     0 | D:1      | Jynxie the Naga Enchanter began the quest for the Orb.
     0 | D:1      | Reached XP level 1. HP: 15/15 MP: 3/3
    90 | D:1      | Reached XP level 2. HP: 5/22 MP: 5/5
    94 | D:1      | Learned a level 2 spell: Ensorcelled Hibernation
   492 | D:1      | Found a glowing golden altar of the Shining One.
  1369 | D:2      | Reached XP level 3. HP: 21/28 MP: 1/6
  1847 | D:2      | Slain by an adder

Vault maps used:
D:1:      giann_horns, tso_metal_star
D:2:      lemuel_statue_altar

Skill      XL: |  1  2 |
---------------+-------+-----
Short Blades   | 2 |  2.7
Dodging        | |  1.5
Stealth        | |  4.4
Spellcasting   | |  2.0
Hexes          | |  3.4

Action                   || total
-------------------------++-------
Melee: Dagger            ||   108
 Cast: Ensorcelled Hiber ||    23
       Corona            ||     6
 Abil: Spit Poison       ||     4
  Use: Scroll            ||     3
 Stab: Sleeping          ||    13
  Eat: Ration            ||     1
Armor: Robe              ||    44
Dodge: Dodged            ||    88

Table legend:
 A = Spawn XP
 B = Non-spawn XP
 C = Spawn XP percentage of total XP
 D = Spawn monster count
 E = Non-spawn monster count
 F = Spawn count percentage of total count
 G = Total turns spent on level
                    A         B        C        D         E        F      G
               +---------+---------+-------+---------+---------+-------+---------
         Total |       0 |      54 |   0.0 |       0 |      32 |   0.0 |  1847
               +---------+---------+-------+---------+---------+-------+---------
           D:1 |       0 |      32 |   0.0 |       0 |      19 |   0.0 |  1414
           D:2 |       0 |      22 |   0.0 |       0 |      13 |   0.0 |   433
               +---------+---------+-------+---------+---------+-------+---------
